 Dungeon Crawl Stone Soup version 0.29-a0-1008-g949cc1d0fb (webtiles) character file.

Game seed: 1253639978894744426

6 Manisian the Insei (level 1, -4/13 HPs)
             Began as an Octopode Transmuter on Aug 7, 2022.
             Slain by a kobold
             ... wielding a +0 club
              (5 damage)
             ... on level 1 of the Dungeon.
             The game lasted 00:00:22 (389 turns).

Manisian the Insei (Octopode Transmuter)             Turns: 389, Time: 00:00:22

Health: -4/13      AC:  1    Str:  9    XL:     1   Next: 90%
Magic:  1/3        EV: 13    Int: 15    God:
Gold:   0          SH:  0    Dex: 12    Spells: 3/4 levels left

rFire   . . .      SeeInvis .     - Unarmed
rCold   . . .      Faith    .   (no shield)
rNeg    . . .      Spirit   .   (helmet currently unavailable)
rPois   .          Reflect  .   (no amulet)
rElec   .          Harm     .   (no ring)
rCorr   .          Rampage  .   (no ring)
Will    .....                   (no ring)
Stlth   ++........              (no ring)
HPRegen 0.04/turn               (no ring)
MPRegen 0.08/turn               (no ring)
                                (no ring)
                                (no ring)

@: appendages (expiring)
A: tentacle spike 3, almost no armour, amphibious, 8 rings, camouflage 1,
gelatinous body 1, (nimble swimmer 1), tentacles
a: End Transformation


You were on level 1 of the Dungeon.
One of your tentacles had grown a beastly spike.
You visited 1 branch of the dungeon, and saw 1 of its levels.

Inventory:

Scrolls
 b - a scroll of poison {unknown}
 c - a scroll of blinking {unknown}
 e - a scroll of teleportation {unknown}
Potions
 a - a potion of lignification
 d - a potion of heal wounds {unknown}


   Skills:
 + Level 1.0 Fighting
 + Level 2.1 Dodging
 + Level 3.2 Unarmed Combat
 + Level 2.0 Spellcasting
 + Level 2.2 Transmutations


You had 3 spell levels left.
You knew the following spells:

 Your Spells              Type           Power      Damage    Failure   Level
a - Beastly Appendage     Tmut           16%        N/A       9%          1

Your spell library contained the following spells:

 Spells                   Type           Power      Damage    Failure   Level
 Wereblood                Tmut           8%         N/A       14%         2
 Spider Form              Tmut/Pois      4%         N/A       38%         3
 Ice Form                 Ice/Tmut       4%         N/A       80%         4


Dungeon Overview and Level Annotations

Branches:
Dungeon (1/15)

Altars:


Innate Abilities, Weirdness & Mutations

One of your tentacles has grown a beastly spike.
You cannot wear most types of armour.
You are amphibious.
You can wear up to eight rings at the same time.
Your skin changes colour to match your surroundings (Stealth+).
Your rubbery body absorbs attacks. (AC +1, EV +1)
((You are camouflaged when in or above water. (Stealth+)))
You have tentacles for arms and can constrict up to eight enemies at once.


Message History

You see here 4 stones.
A kobold comes into view. It is wielding a +0 club.
A kobold is nearby!
You miscast Beastly Appendage.
You are very lightly contaminated with residual magic.
Nothing appears to happen.
The kobold shouts!
The kobold hits you with a +0 club.
You closely miss the kobold. Your grab misses the kobold.
Your squeeze misses the kobold. The kobold misses you.
One of your tentacles grows a vicious spike.
The kobold completely misses you.
You tentacle-slap the kobold but do no damage.
Your grab misses the kobold.
You pierce the kobold, but do no damage.
Your squeeze misses the kobold. The kobold hits you with a +0 club.
You tentacle-slap the kobold but do no damage.
Your grab misses the kobold.
Your tentacle spike misses the kobold.
The kobold hits you with a +0 club.
* * * LOW HITPOINT WARNING * * *
You are too injured to fight recklessly!
You are too injured to fight recklessly!
You barely miss the kobold. Your grab misses the kobold.
You pierce the kobold, but do no damage.
Your squeeze misses the kobold. The kobold hits you with a +0 club.
* * * LOW HITPOINT WARNING * * *
You barely miss the kobold. Your grab misses the kobold.
The kobold barely misses you.
Your magical contamination has completely faded away.
You barely miss the kobold. Your grab misses the kobold.
Your tentacle-slap misses the kobold.
Your squeeze misses the kobold.
Your transformation is almost over.
The kobold barely misses you.
You tentacle-slap the kobold but do no damage.
Your grab misses the kobold.
Your tentacle spike misses the kobold.
You tentacle-slap the kobold but do no damage.
You grab the kobold.
You constrict the kobold, but do no damage.
The kobold hits you with a +0 club.
You die...

.............#.#..#
..)...######.##.###
####).# #.##.#
..##..######.##(#
'#.'............#
≈#.#..........#.#
##.#..........#.#
..##............######..
####...#.....##.@K......
....<............#####.#
..........######.#
#...#...### #.#
#.......# #.# #####...#
#.. #...# ### #....
.....


You could see a kobold.

Vanquished Creatures
  A goblin (D:1)
  A hobgoblin (D:1)
  A bat (D:1)
  2 kobolds (D:1)
  A rat (D:1)
6 creatures vanquished.

Notes
Turn   | Place    | Note
-------+----------+-------------------------------------------
     0 | D:1      | Manisian the Octopode Transmuter began the quest for the
                  | Orb.
     0 | D:1      | Reached XP level 1. HP: 13/13 MP: 3/3
   389 | D:1      | Slain by a kobold

Illustrated notes

Levels and vault maps discovered:
D:1:      minmay_arrival_stone_box, layout_loops_cross, minivault_4,
          reono_crystal_passage, grunt_decor_clamped, serial_park_tiny_pond

Action                   || total
-------------------------++-------
Melee: Unarmed           ||    19
       Kick              ||     7
       Constrict         ||     5
       Tentacles         ||     1
 Cast: Beastly Appendage ||     5
Armor: Skin              ||     1
Dodge: Dodged            ||    10

Table legend: (Time is in decaauts)
 A = Elapsed time spent in this place.
 B = Non-inter-level travel time spent in this place.
 C = Inter-level travel time spent in this place.
 D = Time resting spent in this place.
 E = Time spent auto-exploring this place.
 F = Levels seen in this place.
 G = Mean time per level.
                   A        B        C        D        E       F      G
               +--------+--------+--------+--------+--------+-----+--------+
         Total |    387 |    387 |      0 |      0 |    344 |   1 |  387.0 |
       Dungeon |    387 |    387 |      0 |      0 |    344 |   1 |  387.0 |
               +--------+--------+--------+--------+--------+-----+--------+

Top non-repeatable levels by time:
     D:1: 387 daAuts
